 Dungeon Crawl Stone Soup version 0.32-a0-136-gc02482bde3 (webtiles) character file.

Game seed: 5121508938658699985

752 MachoJfn the Magician (level 8, -2/50 HPs)
             Began as a Djinni Fire Elementalist on Jan 19, 2024.
             Was a Believer of Ashenzari.
             Slain by a gnoll sergeant
             ... wielding a +2 spear of flaming
              (9 damage)
             ... on level 5 of the Dungeon on Feb 10, 2024.
             The game lasted 00:24:37 (4236 turns).

MachoJfn the Magician (Djinni Fire Elementalist)    Turns: 4236, Time: 00:24:37

Health: -2/50      AC:  3    Str:  7    XL:     8   Next: 6%
Gold:   212        EV: 12    Int: 20    God:    Ashenzari [**....] SH:  0 Dex: 13

rFire   + + .        d - staff "Share My Paranoia" (curse) {rElec Air, Bglg, Self} (curse)
rCold   . . .        (no shield)
rNeg    . . .        v - +0 leather armour
rPois   ∞            (helmet currently unavailable)
rElec   +            (cloak currently unavailable)
rCorr   .            (gloves currently unavailable)
SInv    +            (boots unavailable)
Will    .....        c - amulet "Adversity of Ashenzari" {Faith, Comp, Dev} (curse)
Stlth   ++           f - ring of Ashenzari's Gloom {rC+, Cun, Self} (curse)
HPRegen 0.28/turn    (no ring)
MPRegen 0.00/turn

%: faith, infuse magic (-3 HP)
@: beast-form, flying
A: beast (slay +2), flying, sickness immunity, fire resistance 2, cold
vulnerability 1, float, innate caster, HP casting, extra vitality 1
a: Begin Untransformation, Renounce Religion, Curse Item, Shatter the Chains


You were on level 5 of the Dungeon.
You worshipped Ashenzari.
Ashenzari was pleased with you.
You were a hulking beast.
You visited 1 branch of the dungeon, and saw 5 of its levels.

You collected 212 gold pieces.

Inventory:

Hand Weapons
 b - a +0 scythe
 r - a +0 broad axe
 t - the +11 spear of Dust {heavy, rElec rN+ Dex+4}
   (You found it on level 4 of the Dungeon)

   Dex+4:     It affects your dexterity (+4).
   rElec:     It insulates you from electricity.
   rN+:       It protects you from negative energy.
Missiles
 g - 46 stones
Armour
 a - a +0 robe
 u - a +0 pair of gloves
 v - a +0 leather armour (worn)
Magical Staves
 d - the cursed staff "Share My Paranoia" (weapon) {rElec Air, Bglg, Self}
   (You found it on level 1 of the Dungeon)

   [staff of air]

   Base accuracy: +5 Base damage: 5 Base attack delay: 1.2 This weapon's minimum
   attack delay (0.6) is reached at skill level 12.
   rElec:     It insulates you from electricity.
   Air:       It increases the power of your Air spells.
   It falls into the 'Staves' category.
   It is a one-handed weapon.
   It has a curse which improves the following skills: Beguiling: Hexes and
   Translocations.
   Introspection: Fighting and Spellcasting.
Jewellery
 c - the cursed amulet "Adversity of Ashenzari" (around neck) {Faith, Comp, Dev}
   (You found it on level 1 of the Dungeon)

   [amulet of faith]

   Faith:     It allows you to gain divine favour quickly.
   It has a curse which improves the following skills: Companions: Summonings
   and Necromancy.
   Devices:   Evocations and Shapeshifting.
 f - the cursed ring of Ashenzari's Gloom (left hand) {rC+, Cun, Self}
   (You found it on level 1 of the Dungeon)

   [ring of protection from cold]

   rC+:       It protects you from cold.
   It has a curse which improves the following skills: Cunning: Dodging and
   Stealth.
   Introspection: Fighting and Spellcasting.
Talismans
 l - a beast talisman (active)
Scrolls
 h - 3 scrolls of identify
 j - 2 scrolls of revelation
 n - a scroll of immolation
 p - a scroll of teleportation
 s - a scroll of torment
Potions
 e - 2 potions of curing
 i - 2 potions of attraction
 k - 2 potions of lignification
 m - a potion of resistance
 o - a potion of degeneration


   Skills:
 + Level 0.1(0.3) Fighting
 + Level 0.1 Armour
 + Level 3.0(4.0) Dodging
 + Level 2.7(3.7) Stealth
 * Level 6.0(7.7) Spellcasting
 * Level 6.0 Conjurations
 * Level 6.0(7.1) Hexes
 * Level 6.0(7.1) Summonings
 * Level 6.0(7.1) Necromancy
 * Level 6.0(7.1) Translocations
 * Level 6.0 Fire Magic
 * Level 6.0 Ice Magic
 * Level 6.0 Air Magic
 * Level 6.0 Earth Magic
 * Level 6.0 Alchemy
 * Level 2.8(3.8) Shapeshifting


You knew the following spells:

 Your Spells              Type           Power      Damage    Failure   Level
a - Foxfire               Conj/Fire      100%       2x1d9     1%          1
b - Scorch                Fire           62%        2d7       1%          2
c - Volatile Blastmotes   Fire/Tloc      68%        2d15      2%          3
d - Inner Flame           Hex/Fire       34%        N/A       2%          3
e - Flame Wave            Conj/Fire      31%        2d9       11%         4
f - Shock                 Conj/Air       100%       1d9       1%          1
g - Blink                 Tloc           72%        N/A       1%          2
h - Teleport Other        Tloc           36%        N/A       1%          3
Your spell library was empty.

Dungeon Overview and Level Annotations

Branches:
Dungeon (5/15)
 Temple: D:4-7

Altars:
Ashenzari

Shops:
D:3 :   D:4 *


Innate Abilities, Weirdness & Mutations

You are a hulking beast.
Your limbs bulge with bestial killing power. (Slay +2)
You are flying.
You are immune to sickness and miasma.
You are immune to poison.
Your flesh is very heat resistant. (rF++)
You are vulnerable to cold. (rC-)
You float through the air rather than walking.
You learn spells naturally, not from books.
Your magical power is your life essence.
You have superior vitality. (+4 MHP)


Message History

Unknown command.
Casting: Foxfire (safe; 1% risk of failure)
Confirm with . or Enter, or press ? or * to list all spells.
Flames lash the scorpion.
You kill the scorpion!
The foxfire hits the gnoll sergeant but does no damage.
The gnoll sergeant is severely wounded.
The foxfire hits the gnoll sergeant.
The gnoll sergeant is almost dead.
The gnoll sergeant hits you from afar with a +2 spear of flaming!
* * * LOW HITPOINT WARNING * * *
The gnoll sergeant burns you.
* * * LOW HITPOINT WARNING * * *
Your base Spellcasting skill increases to level 6!
Your Conjurations skill increases to level 6!
Your base Hexes skill increases to level 6!
Your base Summonings skill increases to level 6!
Your base Necromancy skill increases to level 6!
Your base Translocations skill increases to level 6!
Your Fire Magic skill increases to level 6!
Your Ice Magic skill increases to level 6!
Your Air Magic skill increases to level 6!
Your Earth Magic skill increases to level 6!
Your Alchemy skill increases to level 6!
You have reached level 8!
You feel clever.
Casting: Scorch (safe; 1% risk of failure)
Confirm with . or Enter, or press ? or * to list all spells.
Flames lash the gnoll sergeant.
The gnoll sergeant is almost dead.
The gnoll sergeant's fire resistance burns away.
* * * LOW HITPOINT WARNING * * *
The gnoll sergeant hits you from afar with a +2 spear of flaming.
* * * LOW HITPOINT WARNING * * *
The gnoll sergeant burns you.
* * * LOW HITPOINT WARNING * * *
Unknown command.
You feel better.
The gnoll sergeant hits you from afar with a +2 spear of flaming!
You die...

### #<# #.# #.# #.#
######.############
.........#......h.#
.........#........#
.........'......g.#
.........#........##
.........#.....†...#
.........#.........#
.........#.........#...
....########...........
...( .......).......>


You could see a gnoll sergeant (combustible).

Vanquished Creatures
  Sigmund (D:2)
  An ogre (D:4)
  A scorpion (D:5)
  A bombardier beetle (D:5)
  A jelly (D:4)
  2 orc priests (D:4)
  A hound (D:4)
  An iguana (D:4)
  A sleepcap (D:4)
  Jessica (D:2)
  2 orc wizards (D:4)
  5 gnolls
  2 adders
  2 dart slugs
  2 ribbon worms (D:2)
  7 orcs
  10 endoplasms
  2 giant cockroaches
  8 goblins
  6 hobgoblins
  4 quokkas
  6 ball pythons
  6 bats (D:1)
  5 frilled lizards
  6 kobolds
  8 rats
92 creatures vanquished.

Vanquished Creatures (collateral kills)
  3 foxfires (D:1)
3 creatures vanquished.

Vanquished Creatures (others)
  137 foxfires
137 creatures vanquished.

Grand Total: 232 creatures vanquished

Notes
Turn   | Place    | Note
-------+----------+-------------------------------------------
     0 | D:1      | MachoJfn the Djinni Fire Elementalist began the quest for
                  | the Orb.
     0 | D:1      | MachoJfn set off with the following spells memorised:
                  | Foxfire, Scorch, Volatile Blastmotes, Inner Flame, Flame
                  | Wave.
     0 | D:1      | Reached XP level 1. HP: 15/15 MP: 0/0
   220 | D:1      | Reached XP level 2. HP: 20/21 MP: 0/0
   277 | D:1      | Upgraded the game from 0.32-a0-30-gefbe487952 to
                  | 0.32-a0-132-g2d33c3cfaf
   313 | D:1      | Reached XP level 3. HP: 10/25 MP: 0/0
   313 | D:1      | Learned a level 1 spell: Shock
   422 | D:1      | Found a faded altar of an unknown god.
   447 | D:1      | Prayed at the altar of an unknown god.
   447 | D:1      | Became a worshipper of Ashenzari the Shackled
   584 | D:1      | Upgraded the game from 0.32-a0-132-g2d33c3cfaf to
                  | 0.32-a0-136-gc02482bde3
  1141 | D:2      | Noticed Sigmund
  1145 | D:2      | Killed Sigmund
  1146 | D:2      | Reached XP level 4. HP: 19/31 MP: 0/0
  1146 | D:2      | Reached XP level 5. HP: 22/35 MP: 0/0
  1146 | D:2      | Learned a level 2 spell: Blink
  1146 | D:2      | Reached XP level 6. HP: 25/40 MP: 0/0
  1253 | D:2      | Reached * piety under Ashenzari
  1263 | D:2      | Noticed Jessica
  1286 | D:2      | Killed Jessica
  1287 | D:2      | Reached skill level 5 in Spellcasting
  1287 | D:2      | Reached skill level 5 in Conjurations
  1287 | D:2      | Reached skill level 5 in Hexes
  1287 | D:2      | Reached skill level 5 in Summonings
  1287 | D:2      | Reached skill level 5 in Necromancy
  1287 | D:2      | Reached skill level 5 in Translocations
  1287 | D:2      | Reached skill level 5 in Fire Magic
  1287 | D:2      | Reached skill level 5 in Ice Magic
  1287 | D:2      | Reached skill level 5 in Air Magic
  1287 | D:2      | Reached skill level 5 in Earth Magic
  1287 | D:2      | Reached skill level 5 in Alchemy
  1712 | D:3      | Reached ** piety under Ashenzari
  1848 | D:3      | Found Agoupoib's Book Emporium.
  2444 | D:4      | Reached skill level 1 in Shapeshifting
  2446 | D:4      | Reached XP level 7. HP: 19/45 MP: 0/0
  2446 | D:4      | Learned a level 3 spell: Teleport Other
  2550 | D:4      | Found Bofucy's Mayhem Merchandise.
  2627 | D:4      | Identified the +11 spear of Dust {heavy, rElec rN+ Dex+4}
  4186 | D:5      | Entered Level 5 of the Dungeon
  4235 | D:5      | Reached XP level 8. HP: 10/50 MP: 0/0
  4235 | D:5      | HP: 2/50 [gnoll sergeant/+2 spear of flaming (6)]
  4236 | D:5      | Slain by a gnoll sergeant

Illustrated notes

Levels and vault maps discovered:
D:1:      minmay_arrival_four_houses, layout_rooms,
          shapermc_ecumenical_altar_acropolis, serial_forest,
          infiniplex_forest_lined_room_2, infiniplex_forest_lined_room_3,
          infiniplex_forest_clump_long, infiniplex_forest_pool,
          infiniplex_forest_clump_diagonal, infiniplex_forest_join,
          infiniplex_forest_straight_2
D:2:      layout_basic, uniq_sigmund, uniq_jessica
D:3:      kennysheep_big_flooded_room, layout_loops_ring, serial_shops,
          nicolae_shop_window_shopping
D:4:      kb_forest_paths, layout_loops_cross, minmay_shop_mayhem,
          due_unseen_surprise
D:5:      layout_basic, kennysheep_generic_room_12, uniq_pikel

Skill      XL: |  1  2  3  4  5  6  7 |
---------------+----------------------+-----
Stealth        | 2 |  2.7
Spellcasting   | 4 5 6 |  6.0
Conjurations   | 4 5 6 |  6.0
Hexes          | 4 5 6 |  6.0
Summonings     | 4 5 6 |  6.0
Necromancy     | 4 5 6 |  6.0
Translocations | 4 5 6 |  6.0
Fire Magic     | 4 5 6 |  6.0
Ice Magic      | 4 5 6 |  6.0
Air Magic      | 4 5 6 |  6.0
Earth Magic    | 4 5 6 |  6.0
Alchemy        | 4 5 6 |  6.0
Shapeshifting  | 1 2 |  2.8
Dodging        | 3 |  3.0
Fighting       | |  0.1
Armour         | |  0.1

Action                     |  1- 3 |  4- 6 |  7- 9 || total
---------------------------+-------+-------+-------++-------
   Cast: Foxfire           |    29 |    32 |    29 ||    90
         Scorch            |    28 |    37 |    36 ||   101
         Blink             |       |     1 |     1 ||     2
         Shock             |       |       |     1 ||     1
 Invoke: Curse Item        |     1 |     2 |       ||     3
    Use: Scroll            |     1 |       |       ||     1
         Potion            |       |       |     2 ||     2
 Armour: Robe              |     3 |     3 |     5 ||    11
         Leather armour    |       |       |     6 ||     6
  Dodge: Dodged            |     6 |     5 |    14 ||    25
   Form: Beast             |       |     1 |       ||     1

Table legend: (Time is in decaauts)
 A = Elapsed time spent in this place.
 B = Non-inter-level travel time spent in this place.
 C = Inter-level travel time spent in this place.
 D = Time resting spent in this place.
 E = Time spent auto-exploring this place.
 F = Levels seen in this place.
 G = Mean time per level.
                   A        B        C        D        E       F      G
               +--------+--------+--------+--------+--------+-----+--------+
         Total |   4234 |   1867 |   2367 |    679 |    652 |   5 |  846.8 |
       Dungeon |   4234 |   1867 |   2367 |    679 |    652 |   5 |  846.8 |
               +--------+--------+--------+--------+--------+-----+--------+

Top non-repeatable levels by time:
     D:4: 1770 daAuts
     D:1: 1134 daAuts
     D:3: 907 daAuts
     D:2: 371 daAuts
     D:5: 49 daAuts
